 Dungeon Crawl Stone Soup version 0.26-a0-1132-ge9770dfcb6 (webtiles) character file.

Game seed: 1540261739541294374

3548 mhtbhm the Cleaver (level 10, -2/61 HPs)
             Began as a Gargoyle Fighter on Dec 20, 2020.
             Was a Believer of Okawaru.
             Slain by a death yak (14 damage)
             ... on level 7 of the Dungeon.
             The game lasted 00:14:04 (8248 turns).

mhtbhm the Cleaver (Gargoyle Fighter)               Turns: 8248, Time: 00:14:05

Health: -2/61      AC: 22    Str: 24    XL:     10   Next: 9%
Magic:  19/19      EV: 11    Int:  8    God:    Okawaru [**....]
Gold:   0          SH: 12    Dex: 15    Spells: 6/9 levels left

rFire    . . .     SeeInvis .   a - +0 war axe
rCold    . . .     Faith    .   c - +0 kite shield
rNeg     + + .     Spirit   .   b - +2 ring mail {rN+}
rPois    ∞         Reflect  .   y - +0 helmet
rElec    +         Harm     .   (no cloak)
rCorr    .         Rampage  .   d - +2 pair of gloves
Will     .....                  p - +1 pair of boots
Stlth    +.........             (no amulet)
HPRegen  0.20/turn              n - ring of magical power
MPRegen  0.16/turn              w - +6 ring of dexterity

@: no status effects
A: negative energy resistance 1, electricity resistance, unbreathing,
petrification resistance, miasma immunity, AC +7
a: Renounce Religion, Heroism


You were on level 7 of the Dungeon.
You worshipped Okawaru.
Okawaru was pleased with you.
You visited 2 branches of the dungeon, and saw 9 of its levels.

Inventory:

Hand Weapons
 a - a +0 war axe (weapon)
Armour
 b - a +2 ring mail of positive energy (worn)
 c - a +0 kite shield (worn)
 d - a +2 pair of gloves (worn)
 p - a +1 pair of boots (worn)
 y - a +0 helmet (worn)
Jewellery
 l - an uncursed ring of flight
 n - a ring of magical power (left hand)
 w - a +6 ring of dexterity (right hand)
Wands
 v - a wand of flame (22)
Scrolls
 f - 2 scrolls of magic mapping
 g - 6 scrolls of teleportation
 h - 7 scrolls of remove curse
 i - 3 scrolls of blinking {unknown}
 j - a scroll of fear
 m - a scroll of fog {unknown}
 o - 2 scrolls of amnesia {unknown}
 s - a scroll of acquirement {unknown}
 z - a scroll of noise {unknown}
Potions
 e - 3 potions of flight
 q - a potion of brilliance
 x - a potion of cancellation


   Skills:
 * Level 6.8 Fighting
 + Level 8.8 Axes
 + Level 5.7 Armour
 + Level 3.3 Dodging
 - Level 0.6 Stealth
 + Level 8.0 Shields


You had 6 spell levels left.
You knew the following spells:

 Your Spells              Type           Power        Failure   Level
a - Mephitic Cloud        Conj/Pois/Air  0%           99%         3

Your spell library contained the following spells:

 Spells                   Type           Power        Failure   Level
 Magic Dart               Conj           0%           85%         1
 Blink                    Tloc           N/A          94%         2
 Call Imp                 Summ           0%           94%         2
 Slow                     Hex            0%           94%         2
 Conjure Flame            Conj/Fire      0%           99%         3


Dungeon Overview and Level Annotations

Branches:
Dungeon (8/15)             Temple (1/1) D:5
   Lair: D:8-11

Altars:
Ashenzari
Cheibriados
Dithmenos
Elyvilon
Fedhas
Hepliaklqana
Kikubaaqudgha
Nemelex Xobeh
Okawaru
Qazlal
Ru
Sif Muna
Uskayaw
Wu Jian
Xom
Yredelemnul
The Shining One

Shops:
D:5 [

Annotations:
D:5 store boots 230ish
D:7 Maurice


Innate Abilities, Weirdness & Mutations

You are resistant to torment.
Your stone body is resilient. (AC +7)
You are immune to poison.
You resist negative energy. (rN+)
You are resistant to electric shocks. (rElec)
You can survive without breathing.
You are immune to petrification.
You are immune to miasma.


Message History

The death yak gores you!!
* * * LOW HITPOINT WARNING * * *
You hit the death yak but do no damage.
The death yak is severely wounded.
The death yak gores you but does no damage.
You hit the death yak.
The death yak is severely wounded.
The death yak gores you.
* * * LOW HITPOINT WARNING * * *
You slash the death yak!
The death yak is almost dead.
The death yak snorts and paws the ground.
The death yak completely misses you. You block the death yak's attack.
You hit the death yak.
The death yak is almost dead.
The death yak closely misses you.
You hit the death yak but do no damage.
The death yak is almost dead.
The death yak gores you!
You die...

#...........## #.....
##.........># ##..... ###
#....[.....# #...... ..#
#......^...# #...... ..##
##........## #...... ...#
#.....##.# ##..... ...#
#######W.# ### ##.... ...#
#Y######.## ##... ...#
##@#.......## #### ...#
###...........# ...#
###.............# ...###
##...............# .....###
#................#
.#....(###...............##
####.#.#.#.#.............#
######
##...................####.....
##.#.#.#....................#


You could see a death yak and a phantom.

Vanquished Creatures
  2 death yaks (D:7)
  Grinder (D:3)
  Menkaure (D:7)
  2 ice beasts
  2 sky beasts (D:7)
  A phantom (D:4)
  3 ogres
  A necrophage (D:4)
  A centaur (D:7)
  A big kobold (D:7)
  A gnoll sergeant (D:4)
  A scorpion (D:5)
  A howler monkey (D:5)
  A centaur zombie (D:5)
  A quasit (D:6)
  A bullfrog zombie (D:5)
  2 centaur skeletons
  A hound (D:6)
  A jelly (D:5)
  4 orc wizards
  2 orc priests
  A hell rat (D:7)
  5 iguanas
  2 worker ants
  2 howler monkey zombies
  A worker ant zombie (D:6)
  8 adders
  3 gnolls (D:4)
  2 shadow imps
  An adder zombie (D:6)
  2 worms
  3 dart slugs
  5 leopard geckos
  26 orcs
  5 bats
  9 giant cockroaches
  6 goblins
  3 hobgoblins
  17 jackals
  3 quokkas
  A ball python (D:3)
  3 frilled lizards
  10 kobolds
  A quokka skeleton (D:4)
  7 rats
157 creatures vanquished.

Notes
Turn   | Place    | Note
-------+----------+-------------------------------------------
     0 | D:1      | mhtbhm the Gargoyle Fighter began the quest for the Orb.
     0 | D:1      | Reached XP level 1. HP: 14/14 MP: 1/1
   145 | D:1      | Reached XP level 2. HP: 19/19 MP: 2/2
   739 | D:2      | Reached XP level 3. HP: 20/23 MP: 3/3
   783 | D:2      | Found a blossoming altar of Fedhas.
  1199 | D:3      | Found a glowing golden altar of the Shining One.
  1421 | D:3      | Noticed Grinder
  1435 | D:3      | HP: 1/23 [Grinder (3)]
  1436 | D:3      | Paralysed by Grinder for 7 turns
  1448 | D:3      | Reached XP level 4. HP: 28/28 MP: 4/4
  1466 | D:3      | Killed Grinder
  1467 | D:3      | Reached XP level 5. HP: 28/33 MP: 5/5
  1467 | D:3      | Reached XP level 6. HP: 33/38 MP: 6/6
  2218 | D:3      | Learned a level 3 spell: Mephitic Cloud
  2319 | D:4      | Reached skill level 1 in Dodging
  2319 | D:4      | Reached skill level 5 in Shields
  2489 | D:4      | Noticed a necrophage
  2509 | D:4      | Killed a necrophage
  2510 | D:4      | Reached XP level 7. HP: 40/42 MP: 7/7
  2512 | D:4      | You fall into a shaft and drop 1 floor!
  2512 | D:5      | Entered Level 5 of the Dungeon
  3014 | D:5      | Found a staircase to the Ecumenical Temple.
  3097 | D:5      | Reached skill level 5 in Axes
  3591 | D:6      | Reached XP level 8. HP: 48/48 MP: 8/8
  3760 | D:6      | Found a white marble altar of Elyvilon.
  3775 | Temple   | Entered the Ecumenical Temple
  3848 | Temple   | Became a worshipper of Warmaster Okawaru
  4460 | D:5      | Found a shimmering blue altar of Sif Muna.
  4765 | D:5      | Found Nasi's Antique Armour Shop.
  5050 | D:4      | Found a sacrificial altar of Ru.
  5501 | D:4      | Reached skill level 5 in Armour
  6418 | D:6      | Found a stormy altar of Qazlal.
  6784 | D:7      | Found a hide-covered altar of Uskayaw.
  6827 | D:7      | Reached XP level 9. HP: 53/53 MP: 9/9
  6908 | D:7      | Noticed Menkaure
  6914 | D:7      | Killed Menkaure
  6915 | D:7      | Reached skill level 5 in Fighting
  7104 | D:7      | Reached * piety under Okawaru
  7528 | D:8      | Noticed Maurice
  7535 | D:8      | Noticed a death yak
  7536 | D:8      | Noticed a death yak
  7729 | D:7      | Killed a death yak
  7729 | D:7      | Reached ** piety under Okawaru
  7926 | D:8      | Noticed a death yak
  7961 | D:7      | HP: 1/55 [death yak (6)]
  7968 | D:7      | Killed a death yak
  7969 | D:7      | Reached XP level 10. HP: 11/61 MP: 10/10
  8248 | D:7      | Slain by a death yak

Illustrated notes

Levels and vault maps discovered:
D:1:      matt_arrival_los_fun, layout_loops_ring, minmay_tree_intersection
D:2:      layout_rooms, fedhas_altar_3
D:3:      layout_loops_corners, old_standard_altar, st_stairs_6, uniq_grinder
D:4:      layout_loops_ring, nicolae_overflow_hidden_temple
D:5:      layout_layer_cave, led_sif_pool, minmay_temple_entry_from_below_a,
          serial_shops, kennysheep_little_box
D:6:      layout_cave_pods, overflow_temple_1_default, lemuel_altar_in_water
D:7:      layout_cave_pods, eat_drink_and_be_merry_uskayaw, st_stairs_8,
          uniq_menkaure
D:8:      layout_rooms, old_standard_altar, dpeg_lair_monsters,
          nicolae_ru_sacrificial_ziggurat, uniq_grum, uniq_maurice
Temple:   regret_index_temple_generic_petals

Skill      XL: |  1  2  3  4  5  6  7  8  9 |
---------------+----------------------------+-----
Axes           | 2 3 4 5 7 8 |  8.8
Shields        | 4 5 6 8 |  8.0
Armour         | 4 5 |  5.7
Dodging        | 1 2 3 |  3.3
Fighting       | 4 6 |  6.8
Stealth        | |  0.6

Action                   |  1- 3 |  4- 6 |  7- 9 | 10-12 || total
-------------------------+-------+-------+-------+-------++-------
Melee: War axe           |   133 |    94 |   480 |    24 ||   731
  Use: Potion            |     4 |     1 |     5 |       ||    10
       Scroll            |       |     5 |     7 |       ||    12
 Stab: Invisible         |       |       |     1 |       ||     1
Armor: Scale mail        |    73 |     1 |       |       ||    74
       Ring mail         |       |    23 |   252 |    11 ||   286
Dodge: Dodged            |    46 |    28 |   212 |     8 ||   294
Block: Kite shield       |    79 |    54 |   270 |    11 ||   414

Table legend: (Time is in decaauts)
 A = Elapsed time spent in this place.
 B = Non-inter-level travel time spent in this place.
 C = Inter-level travel time spent in this place.
 D = Time resting spent in this place.
 E = Time spent auto-exploring this place.
 F = Levels seen in this place.
 G = Mean time per level.
                   A        B        C        D        E       F      G
               +--------+--------+--------+--------+--------+-----+--------+
         Total |   8457 |   8394 |     63 |   1040 |   4735 |   9 |  939.7 |
       Dungeon |   8324 |   8261 |     63 |   1040 |   4641 |   8 | 1040.5 |
        Temple |    133 |    133 |      0 |      0 |     94 |   1 |  133.0 |
               +--------+--------+--------+--------+--------+-----+--------+

Top non-repeatable levels by time:
     D:5: 1888 daAuts
     D:7: 1476 daAuts
     D:4: 1406 daAuts
     D:3: 1164 daAuts
     D:6: 1036 daAuts
     D:1: 760 daAuts
     D:2: 567 daAuts
  Temple: 133 daAuts
     D:8: 22 daAuts
